TOP OF THE 1ST |
District 9 Prawns batting - Pitching for Albuquerque Isotopes : LHP Rick Wilson
|
Pitching: LHP Rick Wilson
|
|
Batting: SHB José Estreito
|
0-0: Ball 1-0: Ball 2-0: Foul Ball, location: 2F 2-1: Hit by Pitch
|
Batting: RHB José Colón
|
0-0: Swinging Strike 0-1: Ball 1-1: Foul Ball, location: 2F 1-2: Fly out, F2 (Popup, 13S)
|
Batting: RHB Felipe Jareño
|
0-0: Ball 1-0: Ground out 5-3 (Groundball, 56S) José Estreito to second
|
Batting: RHB Jesús Cruz
|
0-0: Ball 1-0: Ball 2-0: Ball 3-0: Base on Balls
|
Batting: RHB Gil Palmer
|
0-0: Called Strike 0-1: Ball 1-1: Fielders Choice at 2nd, 6-4 (Groundball, 6)
|
Top of the 1st over - 0 run(s), 0 hit(s), 0 error(s), 1 left on base; District 9 0 - Albuquerque 0 |
BOTTOM OF THE 1ST |
Albuquerque Isotopes batting - Pitching for District 9 Prawns : RHP Jorge Guillén
|
Pitching: RHP Jorge Guillén
|
|
Batting: LHB Fernando Ortíz
|
0-0: Foul Ball, location: 2F 0-1: Swinging Strike 0-2: SINGLE (Line Drive, 6MD)
|
Batting: RHB Raúl Bauza
|
0-0: Ground out 5-3 (Groundball, 56S) Fernando Ortíz to second
|
Batting: LHB Bernardo Montés
|
0-0: SINGLE (Flyball, 78S) Fernando Ortíz to third Runner from 3rd tries for Home, SAFE, no throw
|
Batting: RHB Will Lott
|
0-0: Foul Ball, location: 2F 0-1: Fly out, F9 (Line Drive, 89M)
|
Batting: LHB José González
|
0-0: Called Strike 0-1: Ball 1-1: SINGLE (Groundball, 34D) Bernardo Montés to second Runner from 2nd tries for 3rd, SAFE, throw made to third
|
Batting: SHB Clint Woods
|
0-0: 3-RUN HOME RUN (Flyball, 9LD), Distance : 386 ft
|
Batting: LHB Héctor Soto
|
0-0: Foul Ball, location: 2F 0-1: Foul Ball, location: 2F 0-2: SINGLE (Groundball, 5) (infield hit)
|
Batting: RHB Sam Wallace
|
0-0: Ball 1-0: Ball 2-0: Called Strike 2-1: Ball 3-1: Base on Balls Héctor Soto to second
|
Batting: RHB Jesse McKnight
|
0-0: Ball 1-0: Ball 2-0: DOUBLE (Flyball, 89XD) Héctor Soto scores Sam Wallace to third
|
Batting: LHB Fernando Ortíz
|
0-0: Ball 1-0: Ground out 4-3 (Groundball, 4)
|
Bottom of the 1st over - 5 run(s), 6 hit(s), 0 error(s), 2 left on base; District 9 0 - Albuquerque 5 |
TOP OF THE 2ND |
District 9 Prawns batting - Pitching for Albuquerque Isotopes : LHP Rick Wilson
|
Batting: LHB Leonard Young
|
0-0: Ball 1-0: Foul Ball, location: 2F 1-1: Foul Ball, location: 2F 1-2: Strikes out swinging
|
Batting: LHB Mike Davis
|
0-0: Ball 1-0: Called Strike 1-1: Swinging Strike 1-2: Strikes out swinging
|
Batting: LHB Culley Vaughan
|
0-0: Ball 1-0: Ground out U3 (Groundball, 34)
|
Top of the 2nd over - 0 run(s), 0 hit(s), 0 error(s), 0 left on base; District 9 0 - Albuquerque 5 |
BOTTOM OF THE 2ND |
Albuquerque Isotopes batting - Pitching for District 9 Prawns : RHP Jorge Guillén
|
Batting: RHB Raúl Bauza
|
0-0: Foul Ball, location: 2F 0-1: Single, Error in OF, E7, batter to second base
|
Batting: LHB Bernardo Montés
|
0-0: Ball 1-0: Ball 2-0: Foul Ball, location: 2F 2-1: Foul Ball, location: 2F 2-2: Foul Ball, location: 2F 2-2: Strikes out looking
|
Batting: RHB Will Lott
|
0-0: Called Strike 0-1: Ball 1-1: Foul Ball, location: 2F 1-2: Foul Ball, location: 2F 1-2: Ball 2-2: Ball 3-2: Strikes out swinging
|
Batting: LHB José González
|
0-0: Ball 1-0: SINGLE (Line Drive, 34) Raúl Bauza to third Runner from 3rd tries for Home, SAFE, no throw
|
Batting: SHB Clint Woods
|
0-0: Called Strike 0-1: Called Strike 0-2: Foul Ball, location: 2F 0-2: Ball 1-2: Strikes out swinging
|
Bottom of the 2nd over - 1 run(s), 2 hit(s), 1 error(s), 1 left on base; District 9 0 - Albuquerque 6 |
TOP OF THE 3RD |
District 9 Prawns batting - Pitching for Albuquerque Isotopes : LHP Rick Wilson
|
Batting: RHB Phil Jacobs
|
0-0: Called Strike 0-1: Ground out 5-3 (Groundball, 56S)
|
Batting: SHB José Estreito
|
0-0: Fly out, F9 (Flyball, 89S)
|
Batting: RHB José Colón
|
0-0: Ball 1-0: Ball 2-0: Called Strike 2-1: Ball 3-1: Ground out 6-3 (Groundball, 6M)
|
Top of the 3rd over - 0 run(s), 0 hit(s), 0 error(s), 0 left on base; District 9 0 - Albuquerque 6 |
BOTTOM OF THE 3RD |
Albuquerque Isotopes batting - Pitching for District 9 Prawns : RHP Jorge Guillén
|
Pitching: RHP Marcos Miranda
|
|
Batting: LHB Héctor Soto
|
0-0: Swinging Strike 0-1: SINGLE (Flyball, 7LS)
|
Batting: RHB Sam Wallace
|
0-0: Ball 1-0: Foul Ball, location: 2F 1-1: Fly out, F8 (Flyball, 89D)
|
Batting: RHB Jesse McKnight
|
0-0: Ball 1-0: Ball 2-0: Ball 3-0: Base on Balls Héctor Soto to second
|
Batting: LHB Fernando Ortíz
|
0-0: Ball 1-0: Foul Ball, location: 2F 1-1: Foul Ball, location: 2F 1-2: Foul Ball, location: 2F 1-2: SINGLE (Groundball, 4D) Héctor Soto to third Jesse McKnight to second
|
Batting: RHB Raúl Bauza
|
0-0: Ball 1-0: Swinging Strike 1-1: Swinging Strike 1-2: Ball 2-2: Ground out 3-1 (Groundball, 2R) Héctor Soto scores Jesse McKnight to third Fernando Ortíz to second
|
Batting: LHB Bernardo Montés
|
0-0: Ball 1-0: Ball 2-0: Called Strike 2-1: Foul Ball, location: 2F 2-2: Ball 3-2: Base on Balls
|
Batting: RHB Will Lott
|
0-0: Called Strike 0-1: Foul Ball, location: 2F 0-2: Foul Ball, location: 2F 0-2: Ball 1-2: Ball 2-2: Strikes out swinging
|
Bottom of the 3rd over - 1 run(s), 2 hit(s), 0 error(s), 3 left on base; District 9 0 - Albuquerque 7 |
TOP OF THE 4TH |
District 9 Prawns batting - Pitching for Albuquerque Isotopes : LHP Rick Wilson
|
Batting: RHB Felipe Jareño
|
0-0: Ball 1-0: SINGLE (Groundball, 5L) (infield hit)
|
Batting: RHB Jesús Cruz
|
0-0: Ball 1-0: Ball 2-0: SINGLE (Line Drive, 78M) Felipe Jareño to second
|
Batting: RHB Gil Palmer
|
0-0: DOUBLE (Flyball, 9LM) Felipe Jareño scores Jesús Cruz to third
|
Batting: LHB Leonard Young
|
0-0: Called Strike 0-1: Foul Ball, location: 2F 0-2: Ball 1-2: Ball Wild Pitch! Jesús Cruz scores Gil Palmer to third 2-2: Foul Ball, location: 2F 2-2: Fly out, F4 (Popup, 3D)
|
Batting: LHB Mike Davis
|
0-0: Foul Ball, location: 2F 0-1: Ball Steal of home, Gil Palmer is safe 1-1: Ground out 3-1 (Groundball, 34)
|
Batting: LHB Culley Vaughan
|
0-0: Called Strike 0-1: Ball 1-1: Ball 2-1: Swinging Strike 2-2: Strikes out swinging
|
Top of the 4th over - 3 run(s), 3 hit(s), 0 error(s), 0 left on base; District 9 3 - Albuquerque 7 |
BOTTOM OF THE 4TH |
Albuquerque Isotopes batting - Pitching for District 9 Prawns : RHP Marcos Miranda
|
Batting: LHB José González
|
0-0: Ball 1-0: Fly out, F7 (Flyball, 7)
|
Batting: SHB Clint Woods
|
0-0: Ball 1-0: Ball 2-0: Foul Ball, location: 2F 2-1: SINGLE (Line Drive, 9S)
|
Batting: LHB Héctor Soto
|
0-0: Called Strike 0-1: Ball 1-1: Swinging Strike 1-2: Ball 2-2: Foul Ball, location: 2F 2-2: Strikes out swinging
|
Batting: RHB Sam Wallace
|
0-0: Ball 1-0: Called Strike 1-1: Ball 2-1: Fielders Choice at 2nd, 5-4 (Groundball, 56)
|
Bottom of the 4th over - 0 run(s), 1 hit(s), 0 error(s), 0 left on base; District 9 3 - Albuquerque 7 |
TOP OF THE 5TH |
District 9 Prawns batting - Pitching for Albuquerque Isotopes : LHP Rick Wilson
|
Batting: RHB Phil Jacobs
|
0-0: Foul Ball, location: 2F 0-1: Ball 1-1: Ball 2-1: Ball 3-1: Foul Ball, location: 2F 3-2: Strikes out swinging
|
Batting: SHB José Estreito
|
0-0: Ball 1-0: Called Strike 1-1: Called Strike 1-2: Strikes out looking
|
Batting: RHB José Colón
|
0-0: Ground out 6-3 (Groundball, 6)
|
Top of the 5th over - 0 run(s), 0 hit(s), 0 error(s), 0 left on base; District 9 3 - Albuquerque 7 |
BOTTOM OF THE 5TH |
Albuquerque Isotopes batting - Pitching for District 9 Prawns : RHP Marcos Miranda
|
Batting: RHB Jesse McKnight
|
0-0: Ball 1-0: Ball 2-0: Called Strike 2-1: Foul Ball, location: 2F 2-2: Ball 3-2: Foul Ball, location: 2F 3-2: Base on Balls
|
Pitching: RHP José Huerta
|
|
Batting: LHB Fernando Ortíz
|
0-0: Ball 1-0: Foul Ball, location: 2F 1-1: Ball 2-1: Swinging Strike 2-2: Strikes out swinging
|
Batting: RHB Raúl Bauza
|
0-0: Called Strike 0-1: Ball 1-1: Grounds into double play, 1-6-3 (Groundball, P)
|
Bottom of the 5th over - 0 run(s), 0 hit(s), 0 error(s), 0 left on base; District 9 3 - Albuquerque 7 |
TOP OF THE 6TH |
District 9 Prawns batting - Pitching for Albuquerque Isotopes : LHP Rick Wilson
|
Batting: RHB Felipe Jareño
|
0-0: Ground out 5-3 (Groundball, 56)
|
Batting: RHB Jesús Cruz
|
0-0: Ball 1-0: Ball 2-0: Called Strike 2-1: Ball 3-1: Foul Ball, location: 2F 3-2: Base on Balls
|
Batting: RHB Gil Palmer
|
0-0: Called Strike 0-1: Fielders Choice at 2nd, 4-6 (Groundball, 4)
|
Batting: LHB Leonard Young
|
0-0: Called Strike 0-1: Swinging Strike 0-2: Ball Gil Palmer steals 2nd base 1-2: Strikes out swinging
|
Top of the 6th over - 0 run(s), 0 hit(s), 0 error(s), 1 left on base; District 9 3 - Albuquerque 7 |
BOTTOM OF THE 6TH |
Albuquerque Isotopes batting - Pitching for District 9 Prawns : RHP José Huerta
|
Batting: LHB Bernardo Montés
|
0-0: Ball 1-0: Foul Ball, location: 2F 1-1: Fly out, F9 (Flyball, 89M)
|
Batting: RHB Will Lott
|
0-0: Ball 1-0: Foul Ball, location: 2F 1-1: Swinging Strike 1-2: Foul Ball, location: 2F 1-2: Strikes out swinging
|
Batting: LHB José González
|
0-0: Called Strike 0-1: Ground out 6-3 (Groundball, 6)
|
Bottom of the 6th over - 0 run(s), 0 hit(s), 0 error(s), 0 left on base; District 9 3 - Albuquerque 7 |
TOP OF THE 7TH |
District 9 Prawns batting - Pitching for Albuquerque Isotopes : LHP Rick Wilson
|
Batting: LHB Mike Davis
|
0-0: Ball 1-0: Ball 2-0: Foul Ball, location: 2F 2-1: Ball 3-1: Hit by Pitch
|
Batting: LHB Culley Vaughan
|
0-0: Called Strike 0-1: Ball 1-1: Foul Ball, location: 2F 1-2: Ball 2-2: Foul Ball, location: 2F 2-2: Ball 3-2: Fly out, F7 (Flyball, 7S)
|
Batting: RHB Phil Jacobs
|
0-0: Ball 1-0: Fly out, F9 (Flyball, 89S)
|
Batting: SHB José Estreito
|
0-0: Called Strike 0-1: Ball 1-1: Foul Ball, location: 2F 1-2: Ball 2-2: Ball 3-2: Foul Ball, location: 2F 3-2: Strikes out swinging
|
Top of the 7th over - 0 run(s), 0 hit(s), 0 error(s), 1 left on base; District 9 3 - Albuquerque 7 |
BOTTOM OF THE 7TH |
Albuquerque Isotopes batting - Pitching for District 9 Prawns : RHP José Huerta
|
Batting: SHB Clint Woods
|
0-0: Swinging Strike 0-1: Called Strike 0-2: Ball 1-2: Ball 2-2: SINGLE (Groundball, 6MD)
|
Batting: LHB Héctor Soto
|
0-0: Foul Ball, location: 2F 0-1: Foul Ball, location: 2F 0-2: Ball 1-2: Strikes out looking
|
Batting: RHB Sam Wallace
|
0-0: Grounds into double play, 4-6-3 (Groundball, 4)
|
Bottom of the 7th over - 0 run(s), 1 hit(s), 0 error(s), 0 left on base; District 9 3 - Albuquerque 7 |
TOP OF THE 8TH |
District 9 Prawns batting - Pitching for Albuquerque Isotopes : LHP Rick Wilson
|
Pitching: LHP Sean Perry
|
|
Batting: RHB José Colón
|
0-0: SINGLE (Groundball, 56D)
|
Batting: RHB Felipe Jareño
|
0-0: Fly out, F7 (Flyball, 78D)
|
Batting: RHB Jesús Cruz
|
0-0: Swinging Strike 0-1: Fly out, F9 (Flyball, 89S)
|
Batting: RHB Gil Palmer
|
0-0: Called Strike 0-1: Ball 1-1: Fly out, F9 (Flyball, 9S)
|
Top of the 8th over - 0 run(s), 1 hit(s), 0 error(s), 1 left on base; District 9 3 - Albuquerque 7 |
BOTTOM OF THE 8TH |
Albuquerque Isotopes batting - Pitching for District 9 Prawns : RHP José Huerta
|
Pitching: RHP Juan Gutiérrez
|
|
Batting: RHB Jesse McKnight
|
0-0: Foul Ball, location: 2F 0-1: Ball 1-1: Called Strike 1-2: Foul Ball, location: 2F 1-2: Ball 2-2: Foul Ball, location: 2F 2-2: Strikes out swinging
|
Batting: LHB Fernando Ortíz
|
0-0: Ball 1-0: Ball 2-0: Ball 3-0: Base on Balls
|
Batting: RHB Raúl Bauza
|
0-0: Fly out, F6 (Popup, 6)
|
Batting: LHB Bernardo Montés
|
0-0: Called Strike 0-1: Foul Ball, location: 2F 0-2: Ball 1-2: Foul Ball, location: 2F 1-2: Ball 2-2: Foul Ball, location: 2F 2-2: Ball 3-2: Foul Ball, location: 2F 3-2: Base on Balls Fernando Ortíz to second
|
Batting: RHB Will Lott
|
0-0: Called Strike 0-1: Foul Ball, location: 2F 0-2: Ball 1-2: Ball 2-2: Fly out, F8 (Flyball, 8LD)
|
Bottom of the 8th over - 0 run(s), 0 hit(s), 0 error(s), 2 left on base; District 9 3 - Albuquerque 7 |
TOP OF THE 9TH |
District 9 Prawns batting - Pitching for Albuquerque Isotopes : LHP Sean Perry
|
Pitching: LHP Austin Wall
|
|
Batting: LHB Leonard Young
|
0-0: Ball 1-0: Ball 2-0: Ball 3-0: Base on Balls
|
Batting: LHB Mike Davis
|
0-0: Ball 1-0: Foul Ball, location: 2F 1-1: Called Strike 1-2: Ball 2-2: Ball 3-2: Foul Ball, location: 2F 3-2: Strikes out swinging Leonard Young steals 2nd base Batter strikes out.
|
Batting: LHB Culley Vaughan
|
0-0: Ball 1-0: Swinging Strike 1-1: Called Strike 1-2: Strikes out swinging
|
Batting: RHB Phil Jacobs
|
0-0: Ball 1-0: Called Strike 1-1: Foul Ball, location: 2F 1-2: Strikes out swinging
|
Top of the 9th over - 0 run(s), 0 hit(s), 0 error(s), 1 left on base; District 9 3 - Albuquerque 7 |
|